 Dungeon Crawl Stone Soup version 0.29-a0-1065-g47a6bb87d6 (webtiles) character file.

Game seed: 10943138407790953462

1066 SensoryNuts the Cutter (level 8, 0/58 HPs)
             Began as a Vampire Gladiator on Aug 18, 2022.
             Succumbed to a killer bee's poison
             ... on level 5 of the Dungeon.
             The game lasted 00:05:52 (4618 turns).

SensoryNuts the Cutter (Vampire Gladiator)          Turns: 4618, Time: 00:05:53

Health: 0/58       AC:  5    Str: 15    XL:     8   Next: 7%
Magic:  8/8        EV: 14    Int: 10    God:
Gold:   197        SH:  0    Dex: 16    Spells: 7/7 levels left

rFire   . . .      SeeInvis +   a - +1 rapier
rCold   . . .      Faith    .   (no shield)
rNeg    . . .      Spirit   .   b - +0 leather armour
rPois   .          Reflect  .   c - +1 helmet
rElec   .          Harm     .   (no cloak)
rCorr   .          Rampage  .   (no gloves)
Will    .....                   (no boots)
Stlth   +++.......              (no amulet)
HPRegen 0.39/turn               (no ring)
MPRegen 0.11/turn               (no ring)

@: brilliant, lethally poisoned (0 -> -11), about to teleport, flying, healing
quickly
A: alive, fangs 3, see invisible, vampiric 2, mutation resistance 1
a: Exsanguinate


You were on level 5 of the Dungeon.
You visited 1 branch of the dungeon, and saw 5 of its levels.

You collected 197 gold pieces.

Inventory:

Hand Weapons
 a - a +1 rapier (weapon)
Missiles
 d - 3 throwing nets (quivered)
 e - a javelin
Armour
 b - a +0 leather armour (worn)
 c - a +1 helmet (worn)
 f - a +0 pair of gloves
Jewellery
 g - a +6 ring of dexterity
 l - a ring of magical power
 r - a ring of magical power
Scrolls
 i - 2 scrolls of identify
 j - 2 scrolls of teleportation
 k - 3 scrolls of enchant weapon
 s - 2 scrolls of enchant armour
 u - a scroll of amnesia
Potions
 m - 2 potions of cancellation
 n - a potion of magic
 o - a potion of mutation
 p - a potion of ambrosia


   Skills:
 + Level 3.3 Fighting
 + Level 7.0 Short Blades
 + Level 1.7 Throwing
 + Level 2.7 Armour
 + Level 5.5 Dodging
 + Level 5.8 Stealth


You had 7 spell levels left.
You didn't know any spells.
Your spell library contained the following spells:

 Spells                   Type           Power      Damage    Failure   Level
 Ensorcelled Hibernation  Hex/Ice        0%         N/A       56%         2
 Ignite Poison            Fire/Tmut/Pois 0%         N/A       80%         3
 Mephitic Cloud           Conj/Pois/Air  0%         N/A       80%         3
 Spider Form              Tmut/Pois      0%         N/A       80%         3
 Anguish                  Hex/Necr       0%         N/A       99%         4
 Freezing Cloud           Conj/Ice/Air   0%         6-21      100%        5
 Conjure Ball Lightning   Conj/Air       0%         3x3d6     100%        6
 Discord                  Hex            0%         N/A       100%        8
 Disjunction              Tloc           0%         N/A       100%        8


Dungeon Overview and Level Annotations

Branches:
Dungeon (5/15)
 Temple: D:4-7

Altars:
Hepliaklqana
Makhleb
Nemelex Xobeh
Sif Muna

Shops:
D:5 ?:[(

Annotations:
D:5 3 runed translucent doors, gdog's ghost, weakling GnDe


Innate Abilities, Weirdness & Mutations

Your natural rate of healing is accelerated.
You have razor-sharp teeth.
You have supernaturally acute eyesight. (SInv)
You are afflicted with vampirism and can become a bat while bloodless.
You are somewhat resistant to further mutation.


Message History

You feel very sick. The killer bee misses you.
The killer bee barely misses you.
You miss the killer bee. Your bite misses the killer bee.
The killer bee is almost dead.
You feel sick. The killer bee stings you.
You are more poisoned.
The killer bee poisons you! The killer bee stings you.
You hit the killer bee.
You kill the killer bee!
You feel very sick.
Your Short Blades skill increases to level 7!
You puncture the killer bee!
The killer bee is moderately wounded.
You feel very sick. The killer bee closely misses you.
The killer bee misses you.
It was a potion of mutation.
You feel extremely strange.
You feel genetically stable.
You feel very sick.
The killer bee stings you but does no damage.
The killer bee stings you!
* * * LOW HITPOINT WARNING * * *
It was a potion of brilliance.
You feel clever all of a sudden.
You feel sick. The killer bee closely misses you. x2
It was a potion of flight.
You feel very buoyant.
You fly up into the air.
You feel sick. The killer bee stings you.
* * * LOW HITPOINT WARNING * * *
The killer bee barely misses you.
Okay, then.
As you read the scroll of teleportation, it crumbles to dust.
You feel strangely unstable.
You feel sick. The killer bee closely misses you. x2
* * * LOW HITPOINT WARNING * * *
You feel sick.
The killer bee attacks as you move away!
The killer bee barely misses you.
You feel sick. The killer bee stings you.
* * * LOW HITPOINT WARNING * * *
You are more poisoned.
The killer bee poisons you!
You die...

.....#......(...#
###+###...#######.#
#.....###.# ##+##
#.....###.# ##...##
+..∩..+.#.# ##.....##
.....#.#.#
##.......## ...
#...###.........#
#'###.....+.........'
#y##@...###.........#
#yy........#.......##
####.......##.....##
#.#...#.###...##
#.##.##.# ##'###
#.......# #.##.##
####.#### #.##..# #.#
##.##... #.#
##...####


You could see 2 killer bees.

Vanquished Creatures
  Sigmund (D:2)
  An ogre (D:4)
  A phantom (D:5)
  The ghost of Buttons840 the Cudgeller, an amateur GrBe of Trog (D:3)
  A necrophage (D:5)
  2 killer bees (D:5)
  3 quasits (D:3)
  A jelly (D:5)
  An orc priest (D:3)
  Jessica (D:3)
  3 iguanas
  Natasha (thrice) (D:2)
  A hound skeleton (D:5)
  7 adders
  An ufetubus (D:5)
  4 worms
  12 orcs
  9 endoplasms
  5 giant cockroaches
  5 goblins
  6 hobgoblins
  A jackal (D:2)
  2 quokkas
  5 ball pythons
  7 bats
  2 frilled lizards
  3 kobolds
  7 rats
96 creatures vanquished.

Vanquished Creatures (collateral kills)
  An endoplasm (D:2)
1 creature vanquished.

Grand Total: 97 creatures vanquished

Notes
Turn   | Place    | Note
-------+----------+-------------------------------------------
     0 | D:1      | SensoryNuts the Vampire Gladiator began the quest for the
                  | Orb.
     0 | D:1      | Reached XP level 1. HP: 16/16 MP: 1/1
   251 | D:1      | Reached XP level 2. HP: 22/22 MP: 2/2
   883 | D:2      | Reached skill level 1 in Stealth
   883 | D:2      | Gained mutation: You are afflicted with vampirism and can
                  | become a bat while bloodless. [Vampire growth]
   883 | D:2      | Reached XP level 3. HP: 6/27 MP: 3/3
  1173 | D:2      | Noticed Sigmund
  1199 | D:2      | Killed Sigmund
  1200 | D:2      | Reached skill level 4 in Short Blades
  1200 | D:2      | Reached skill level 1 in Armour
  1200 | D:2      | Reached XP level 4. HP: 33/33 MP: 4/4
  1200 | D:2      | Reached XP level 5. HP: 38/38 MP: 5/5
  1366 | D:2      | Noticed Natasha
  1376 | D:2      | Killed Natasha
  1377 | D:2      | Reached skill level 5 in Short Blades
  1462 | D:2      | Noticed Natasha
  1469 | D:2      | Killed Natasha
  1470 | D:2      | Reached XP level 6. HP: 37/46 MP: 6/6
  1649 | D:2      | You fall into a shaft and drop 1 floor!
  1666 | D:3      | Found a transporter.
  1671 | D:3      | Noticed Buttons840's ghost (amateur GrBe)
  1776 | D:2      | Noticed Natasha
  1829 | D:2      | Killed Natasha
  2035 | D:3      | Found a faded altar of an unknown god.
  2177 | D:3      | Found a transporter.
  2399 | D:3      | Noticed Jessica
  2410 | D:3      | Killed Jessica
  2562 | D:3      | Killed Buttons840's ghost
  2564 | D:3      | Reached XP level 7. HP: 30/51 MP: 7/7
  2572 | D:3      | Reached skill level 5 in Stealth
  2804 | D:4      | Reached skill level 6 in Short Blades
  2804 | D:4      | Reached skill level 5 in Dodging
  3623 | D:5      | Entered Level 5 of the Dungeon
  3715 | D:5      | Found a hazy altar of Hepliaklqana.
  3859 | D:5      | Found a sparkling altar of Nemelex Xobeh.
  3891 | D:5      | Found a burning altar of Makhleb.
  3967 | D:5      | Found a shimmering blue altar of Sif Muna.
  4111 | D:5      | Found Rint's Weapon Emporium.
  4138 | D:5      | Found a runed translucent gate.
  4138 | D:5      | Noticed gdog's ghost (weakling GnDe)
  4139 | D:5      | Found a runed translucent gate.
  4143 | D:5      | Identified the +3 spear of the Wasteland {elec, Fragile rN+
                  | Int+6}
  4282 | D:5      | Found Immosh's Book Boutique.
  4378 | D:5      | Found a runed translucent gate.
  4458 | D:5      | Found Innodd's Antique Armour Boutique.
  4587 | D:5      | Found Vonupiedo's Magic Scroll Shoppe.
  4602 | D:5      | Reached XP level 8. HP: 32/58 MP: 8/8
  4611 | D:5      | Reached skill level 7 in Short Blades
  4612 | D:5      | Gained mutation: You are somewhat resistant to further
                  | mutation. [potion of mutation]
  4617 | D:5      | HP: 2/58 [killer bee (1)]
  4618 | D:5      | Succumbed to a killer bee's poison

Illustrated notes

Levels and vault maps discovered:
D:1:      minmay_arrival_semitransparent, layout_basic
D:2:      kennysheep_six_static_rooms, layout_basic, serial_curves,
          eino_curves_03, eino_curves_01, eino_curves_02, uniq_natasha,
          uniq_sigmund
D:3:      layout_rooms, gammafunk_ghost_stat_death,
          ebering_ecumenical_altar_webs, minmay_between, uniq_jessica
D:4:      layout_basic
D:5:      layout_loops_corners, makhleb_blood_cavern_becter,
          nicolae_overflow_quartered_altars, gammafunk_ghost_nasty_kobolds,
          serial_shops, shop, kennysheep_mini_moat,
          nicolae_shop_bloodbath_and_beyond, shop_statue, kennysheep_little_box,
          minmay_misc_feat_rugged

Skill      XL: |  1  2  3  4  5  6  7  8 |
---------------+-------------------------+-----
Stealth        | 1 3 4 5 |  5.8
Fighting       | 2 3 |  3.3
Short Blades   | 4 5 6 7 |  7.0
Armour         | 1 2 |  2.7
Dodging        | 4 5 |  5.5
Throwing       | |  1.7

Action                   |  1- 3 |  4- 6 |  7- 9 || total
-------------------------+-------+-------+-------++-------
Melee: Rapier            |    65 |   136 |   134 ||   335
       Bite              |     7 |    14 |    21 ||    42
       Punch             |       |     1 |     1 ||     2
  Use: Scroll            |     4 |     4 |     1 ||     9
       Potion            |     2 |     8 |     4 ||    14
 Stab: Sleeping          |     3 |     6 |     6 ||    15
       Invisible         |       |     2 |       ||     2
Armor: Leather armour    |    14 |    46 |    26 ||    86
       Skin              |     9 |       |       ||     9
Dodge: Dodged            |    38 |   123 |   107 ||   268

Table legend: (Time is in decaauts)
 A = Elapsed time spent in this place.
 B = Non-inter-level travel time spent in this place.
 C = Inter-level travel time spent in this place.
 D = Time resting spent in this place.
 E = Time spent auto-exploring this place.
 F = Levels seen in this place.
 G = Mean time per level.
                   A        B        C        D        E       F      G
               +--------+--------+--------+--------+--------+-----+--------+
         Total |   4581 |   4459 |    122 |    110 |   3534 |   5 |  916.2 |
       Dungeon |   4581 |   4459 |    122 |    110 |   3534 |   5 |  916.2 |
               +--------+--------+--------+--------+--------+-----+--------+

Top non-repeatable levels by time:
     D:2: 1003 daAuts
     D:5: 986 daAuts
     D:1: 867 daAuts
     D:4: 865 daAuts
     D:3: 859 daAuts
